 Dungeon Crawl Stone Soup version 0.28-a0-1080-g05a166d0ed (webtiles) character file.

Game seed: 4199221920647754662

212 mainiacjoe the Conjurer (level 5, -5/45 HPs)
             Began as an Ogre Conjurer on Dec 10, 2021.
             Slain by a scorpion (7 damage)
             ... on level 3 of the Dungeon.
             The game lasted 00:10:55 (3983 turns).

mainiacjoe the Conjurer (Ogre Conjurer)             Turns: 3983, Time: 00:10:56

Health: -5/45      AC:  5    Str: 17    XL:     5   Next: 90%
Magic:  4/9        EV:  9    Int: 19    God:
Gold:   80         SH:  0    Dex:  9    Spells: 4/10 levels left

rFire   . . .      SeeInvis .   a - +3 quarterstaff (chaos)
rCold   . . .      Faith    .   (shield currently unavailable)
rNeg    . . .      Spirit   .   e - +1 robe
rPois   .          Reflect  .   (helmet restricted)
rElec   .          Harm     .   u - +0 cloak
rCorr   .          Rampage  .   (gloves unavailable)
Will    .....                   (boots unavailable)
Stlth   +.........              (no amulet)
HPRegen 0.15/turn               t - +6 ring of strength
MPRegen 0.11/turn               (no ring)

@: no status effects
A: large, unfitting armour, tough skin 1
a: no special abilities


You were on level 3 of the Dungeon.
You visited 1 branch of the dungeon, and saw 4 of its levels.

You collected 80 gold pieces.

Inventory:

Hand Weapons
 a - a +3 quarterstaff of chaos (weapon)
 p - a +2 flail of holy wrath
 q - a +0 vorpal flail
 v - a +0 quarterstaff
Missiles
 c - 32 bolts
 f - 35 sling bullets
 g - 39 arrows
 j - 48 stones (quivered)
Armour
 e - a +1 robe (worn)
 u - a +0 cloak (worn)
Jewellery
 t - a +6 ring of strength (left hand)
Scrolls
 d - 3 scrolls of enchant armour
 l - a scroll of summoning {unknown}
 m - a scroll of teleportation
 o - 2 scrolls of identify {unknown}
 r - a scroll of magic mapping {unknown}
 w - a scroll of amnesia {unknown}
Potions
 b - 2 potions of curing {unknown}
 h - 2 potions of heal wounds {unknown}
 i - 2 potions of mutation {unknown}
 k - a potion of lignification {unknown}
 n - a potion of invisibility {unknown}
 s - 2 potions of attraction {unknown}


   Skills:
 - Level 1.8 Dodging
 - Level 1.4 Stealth
 - Level 3.0 Spellcasting
 + Level 5.9 Conjurations
 - Level 1.0 Hexes


You had 4 spell levels left.
You knew the following spells:

 Your Spells              Type           Power      Damage    Failure   Level
a - Magic Dart            Conj           100%       1d8       1%          1
b - Searing Ray           Conj           50%        2d6       1%          2
c - Dazzling Flash        Conj/Hex       32%        N/A       11%         3

Your spell library contained the following spells:

 Spells                   Type           Power      Damage    Failure   Level
 Fulminant Prism          Conj/Hex       8%         3d7       36%         4
 Iskenderun's Mystic Bla  Conj/Tloc      14%        2d5       41%         4
 Silence                  Hex/Air        2%         N/A       98%         5
 Agony                    Necr           2%         N/A       99%         5


Dungeon Overview and Level Annotations

Branches:
Dungeon (4/15)
 Temple: D:4-7

Altars:


Innate Abilities, Weirdness & Mutations

You are too large for most types of armour.
You have tough skin. (AC +1)


Message History

You are too injured to fight recklessly!
You are too injured to fight recklessly!
You are too injured to fight recklessly!
The scorpion barely misses you. The gnoll completely misses you.
You climb upwards.
There is a stone staircase leading down here.
The gnoll hits you but does no damage. The gnoll barely misses you.
The scorpion closely misses you. The scorpion stings you!
You are poisoned.
The scorpion poisons you!
You feel sick.
You feel sick.
You feel sick.
You see here a +0 whip.
You feel sick.
You feel sick.
The scorpion stings you but does no damage.
You see here a +0 whip.
Casting: Magic Dart (safe; 1% risk of failure)
Confirm with . or Enter, or press ? or * to list all spells.
Aiming: Searing Ray (safe; 1% risk of failure)
Press: ? - help, Shift-Dir - straight line, f - scorpion
Aim: a scorpion (79% to hit)
The searing ray misses the scorpion.
The searing ray hits the gnoll!
The gnoll is almost dead. (Press . to maintain the ray.)
You feel sick. The scorpion stings you!
* * * LOW HITPOINT WARNING * * *
The gnoll hits you from afar with a +0 spear.
* * * LOW HITPOINT WARNING * * *
The searing ray hits the scorpion.
The scorpion is moderately wounded.
The searing ray hits the gnoll!
You kill the gnoll!
You feel sick.
You are no longer poisoned.
The scorpion stings you!
You die...

########
####...##....##.###.
##...<..##
#.........##........
##........##
#.###...............
#..........# #.#
#............###
#..........###)#
####.........#
#..........##..#
#.###..##.#
#.............## #.#
##.##.#
#..>........#########.##
#.##.#
##............)s@......#
#....#
#..........#########...#
#...#### #.........)#
#.#.#####....#
#..........#
#.#........[..
#..........#
#.###########.
#..........# ###.#
#####.. ##........##
##...# #......
##.....<##
#..########.####.
###############†##
#.....# #>.


You could see a scorpion.

Vanquished Creatures
  A centaur zombie (D:4)
  Crazy Yiuf (D:3)
  Terence (D:3)
  3 gnolls (D:3)
  2 adders
  6 worms (D:3)
  3 dart slugs
  4 orcs (D:3)
  4 ball pythons
  7 endoplasms
  2 giant cockroaches
  4 goblins
  7 hobgoblins
  2 quokkas (D:2)
  7 bats
  9 frilled lizards
  3 kobolds
  5 rats
71 creatures vanquished.

Vanquished Creatures (others)
  2 plants (D:1)
2 creatures vanquished.

Grand Total: 73 creatures vanquished

Notes
Turn   | Place    | Note
-------+----------+-------------------------------------------
     0 | D:1      | mainiacjoe the Ogre Conjurer began the quest for the Orb.
     0 | D:1      | Reached XP level 1. HP: 16/16 MP: 3/3
   245 | D:1      | Reached XP level 2. HP: 24/24 MP: 2/5
   248 | D:1      | Learned a level 2 spell: Searing Ray
   347 | D:1      | Reached skill level 4 in Conjurations
   562 | D:1      | Found a faded altar of an unknown god.
  1290 | D:2      | Reached XP level 3. HP: 31/31 MP: 3/6
  2560 | D:3      | Noticed Terence
  2567 | D:3      | Killed Terence
  2568 | D:3      | Reached skill level 5 in Conjurations
  2568 | D:3      | Reached XP level 4. HP: 21/39 MP: 0/7
  3154 | D:3      | Reached XP level 5. HP: 41/45 MP: 3/8
  3158 | D:3      | Learned a level 3 spell: Dazzling Flash
  3341 | D:3      | Found a runed translucent door.
  3342 | D:3      | Noticed Crazy Yiuf
  3349 | D:3      | Killed Crazy Yiuf
  3350 | D:3      | Reached skill level 1 in Hexes
  3983 | D:3      | HP: 2/45 [poisoned by a scorpion]
  3983 | D:3      | Slain by a scorpion

Illustrated notes

Levels and vault maps discovered:
D:1:      scummos_arrival_simple_crosswalls, layout_basic,
          hellmonk_ecumenical_altar_run_dry, minmay_lizard_king
D:2:      layout_basic
D:3:      layout_rooms, serial_glass, glass_columns_b, glass_columns_a,
          nicolae_wormholes, uniq_terence, uniq_crazy_yiuf_cottage
D:4:      layout_basic, serial_shops, nicolae_square_shop, nicolae_stop_n_shop_1

Skill      XL: |  1  2  3  4  5 |
---------------+----------------+-----
Conjurations   | 4 5 |  5.9
Hexes          | 1 |  1.0
Spellcasting   | 3 |  3.0
Dodging        | |  1.8
Stealth        | |  1.4

Action                   |  1- 3 |  4- 6 || total
-------------------------+-------+-------++-------
Melee: Quarterstaff      |     8 |    17 ||    25
Throw: Stone             |     3 |    15 ||    18
 Cast: Magic Dart        |    55 |    21 ||    76
       Searing Ray       |     4 |    12 ||    16
       Dazzling Flash    |       |     1 ||     1
  Use: Scroll            |     2 |       ||     2
Armor: Robe              |     7 |    15 ||    22
Dodge: Dodged            |    13 |    22 ||    35

Table legend: (Time is in decaauts)
 A = Elapsed time spent in this place.
 B = Non-inter-level travel time spent in this place.
 C = Inter-level travel time spent in this place.
 D = Time resting spent in this place.
 E = Time spent auto-exploring this place.
 F = Levels seen in this place.
 G = Mean time per level.
                   A        B        C        D        E       F      G
               +--------+--------+--------+--------+--------+-----+--------+
         Total |   3994 |   3861 |    133 |    553 |   2834 |   4 |  998.5 |
       Dungeon |   3994 |   3861 |    133 |    553 |   2834 |   4 |  998.5 |
               +--------+--------+--------+--------+--------+-----+--------+

Top non-repeatable levels by time:
     D:2: 1438 daAuts
     D:1: 1282 daAuts
     D:3: 1248 daAuts
     D:4: 25 daAuts
